 Dungeon Crawl Stone Soup version 0.30-a0-134-gb40fab5c76 (webtiles) character file.

Game seed: 14266666070471840377

150 zxpr0jk the Conjurer (level 5, 0/38 HPs)
             Began as a Draconian Conjurer on Sept 20, 2022.
             Slain by a goblin
             ... wielding a +0 club
             ... led by Robin
              (2 damage)
             ... on level 2 of the Dungeon.
             The game lasted 00:04:51 (1929 turns).

zxpr0jk the Conjurer (Draconian Conjurer)           Turns: 1929, Time: 00:04:52

Health: 0/38       AC:  5    Str: 10    XL:     5   Next: 10%
Magic:  8/9        EV: 12    Int: 20    God:
Gold:   114        SH:  0    Dex:  9    Spells: 9/10 levels left

rFire   . . .      SeeInvis .    h - +0 dagger (venom)
rCold   . . .      Faith    .    (no shield)
rNeg    . . .      Spirit   .    (body armour unavailable)
rPois   .          Reflect  .    (helmet restricted)
rElec   .          Harm     .    (no cloak)
rCorr   .          Rampage  .    (no gloves)
Will    .....                    (no boots)
Stlth   ++........               (no amulet)
HPRegen 0.12/turn                (no ring)
MPRegen 0.11/turn                (no ring)

@: lethally poisoned (0 -> -6), attractive
A: AC +5, unfitting armour, cold-blooded
a: no special abilities


You were on level 2 of the Dungeon.
You visited 1 branch of the dungeon, and saw 2 of its levels.

You collected 114 gold pieces.

Inventory:

Hand Weapons
 h - a +0 dagger of venom (weapon)
Scrolls
 e - a scroll of brand weapon {unknown}
 f - 2 scrolls of identify {unknown}
 g - a scroll of amnesia {unknown}
Potions
 a - a potion of magic
 i - a potion of flight {unknown}


   Skills:
 - Level 1.7 Dodging
 - Level 1.7 Stealth
 + Level 3.2 Spellcasting
 * Level 5.8 Conjurations


You had 9 spell levels left.
You knew the following spells:

 Your Spells              Type           Power      Damage    Failure   Level
a - Magic Dart            Conj           100%       1d8       1%          1

Your spell library contained the following spells:

 Spells                   Type           Power      Damage    Failure   Level
 Searing Ray              Conj           52%        2d6       1%          2
 Dazzling Flash           Conj/Hex       28%        N/A       13%         3
 Fulminant Prism          Conj/Hex       7%         3d7       38%         4
 Iskenderun's Mystic Bla  Conj/Tloc      14%        2d5       38%         4


Dungeon Overview and Level Annotations

Branches:
Dungeon (2/15)

Altars:

Annotations:
D:2 Robin


Innate Abilities, Weirdness & Mutations

Your plain brown scales are hard. (AC +5)
You cannot fit into any form of body armour.
You are cold-blooded and may be slowed by cold attacks.


Message History

Robin is moderately wounded.
You feel sick. The goblin hits you with a +0 club.
* * * LOW HITPOINT WARNING * * *
The goblin closely misses you. The goblin hits you with a +0 club.
* * * LOW HITPOINT WARNING * * *
It was a potion of curing.
You feel better. The goblin barely misses you.
The goblin hits you but does no damage. x2
Magic courses through your body.
The goblin no longer looks unusually strong.
The goblin hits you but does no damage. The goblin hits you with a +0 club.
* * * LOW HITPOINT WARNING * * *
The goblin hits you with a +0 dagger.
* * * LOW HITPOINT WARNING * * *
You feel better. The goblin barely misses you.
The goblin hits you with a +0 dagger.
* * * LOW HITPOINT WARNING * * *
The goblin barely misses you.
Robin says, "My goblins will feast on your bones."
Robin hits you with a +1 spear of venom.
* * * LOW HITPOINT WARNING * * *
You are lethally poisoned!
Casting: Magic Dart (safe; 1% risk of failure)
Confirm with . or Enter, or press ? or * to list all spells.
Aiming: Magic Dart (safe; 1% risk of failure)
Press: ? - help, Shift-Dir - straight line, f/p - Robin
Aim: Robin, wielding a +1 spear of venom, wearing a +0 animal skin and wearing a +0 helmet (heavily wounded, poisoned, 100% to hit)
The magic dart hits Robin.
Robin is severely wounded.
* * * LOW HITPOINT WARNING * * *
You feel very sick. The goblin hits you with a +0 club.
* * * LOW HITPOINT WARNING * * *
The goblin barely misses you. The goblin misses you.
Robin roars a battlecry!
The goblins go into a battle-frenzy!
It was a potion of attraction.
You feel attractive to monsters.
* * * LOW HITPOINT WARNING * * *
You feel sick. The goblin hits you with a +0 club.
You die...

#.........)..#
###.....##.....#
..#.....##.....#
#.#.....##..<..# .
........##.....# ..
........##.....#+####'##
........###.............
.....#### #....gg.......
###.#######...gg@.......
#.###........#g####'##
#............#..#
####......)..#..#
##.....####### ####.)#
##.## #[.# ### ##)###..#


You could see Robin (poisoned) and 4 goblins.

Vanquished Creatures
  An ogre (D:2)
  2 worms (D:2)
  3 dart slugs (D:1)
  3 bats
  4 endoplasms
  2 giant cockroaches
  11 goblins
  4 hobgoblins
  A quokka (D:1)
  5 ball pythons
  2 frilled lizards (D:1)
  3 kobolds
  5 rats
46 creatures vanquished.

Notes
Turn   | Place    | Note
-------+----------+-------------------------------------------
     0 | D:1      | zxpr0jk the Draconian Conjurer began the quest for the Orb.
     0 | D:1      | Reached XP level 1. HP: 14/14 MP: 3/3
   427 | D:1      | Reached XP level 2. HP: 20/20 MP: 0/5
  1101 | D:1      | Reached XP level 3. HP: 26/26 MP: 4/6
  1712 | D:2      | Reached skill level 5 in Conjurations
  1773 | D:2      | Noticed an ogre
  1784 | D:2      | Killed an ogre
  1785 | D:2      | Reached XP level 4. HP: 33/33 MP: 2/8
  1785 | D:2      | Reached XP level 5. HP: 38/38 MP: 2/9
  1890 | D:2      | Noticed Robin
  1929 | D:2      | Slain by a goblin

Illustrated notes

Levels and vault maps discovered:
D:1:      denvon_arrival_planthouse, layout_loops_corners
D:2:      minmay_recursive_quarters, layout_basic, minmay_snake_closets,
          uniq_robin

Skill      XL: |  1  2  3 |
---------------+----------+-----
Conjurations   | 5 |  5.8
Spellcasting   | 3 |  3.2
Dodging        | |  1.7
Stealth        | |  1.7

Action                   |  1- 3 |  4- 6 || total
-------------------------+-------+-------++-------
Melee: Dagger            |    18 |     5 ||    23
       Tailslap          |     4 |     1 ||     5
Throw: Throwing net      |     1 |     1 ||     2
 Cast: Magic Dart        |    80 |    13 ||    93
  Use: Potion            |       |     4 ||     4
 Stab: Sleeping          |     1 |       ||     1
Armor: Skin              |     4 |     8 ||    12
Dodge: Dodged            |    12 |    24 ||    36

Table legend: (Time is in decaauts)
 A = Elapsed time spent in this place.
 B = Non-inter-level travel time spent in this place.
 C = Inter-level travel time spent in this place.
 D = Time resting spent in this place.
 E = Time spent auto-exploring this place.
 F = Levels seen in this place.
 G = Mean time per level.
                   A        B        C        D        E       F      G
               +--------+--------+--------+--------+--------+-----+--------+
         Total |   1928 |   1894 |     34 |    122 |   1521 |   2 |  964.0 |
       Dungeon |   1928 |   1894 |     34 |    122 |   1521 |   2 |  964.0 |
               +--------+--------+--------+--------+--------+-----+--------+

Top non-repeatable levels by time:
     D:1: 1260 daAuts
     D:2: 668 daAuts
